 Dungeon Crawl Stone Soup version 0.27-a0-931-g5a74e75d8f (webtiles) character file.

Game seed: 3219457321018668744

9 Alarkh the Insei (level 2, 21/22 HPs)
             Began as a Demonspawn Gladiator on Apr 10, 2021.
             Got out of the dungeon alive.
             The game lasted 00:00:17 (401 turns).

Alarkh the Insei (Demonspawn Gladiator)              Turns: 401, Time: 00:00:17

Health: 21/22      AC:  4    Str: 14    XL:     2   Next: 3%
Magic:  2/2        EV: 12    Int:  9    God:
Gold:   25         SH:  0    Dex: 14    Spells: 1/1 levels left

rFire    . . .     SeeInvis .     - Unarmed
rCold    . . .     Faith    .   (no shield)
rNeg     . . .     Spirit   .   a - +0 leather armour
rPois    .         Reflect  .   b - +0 helmet
rElec    .         Harm     .   (no cloak)
rCorr    .         Rampage  .   (no gloves)
Will     .....                  (no boots)
Stlth    +.........             (no amulet)
HPRegen  0.07/turn              (no ring)
MPRegen  0.08/turn              (no ring)

@: no status effects
A: demonic guardian 1
a: no special abilities


You escaped.
You visited 1 branch of the dungeon, and saw 1 of its levels.

You collected 25 gold pieces.

Inventory:

Missiles
 c - 3 throwing nets (quivered)
Armour
 a - a +0 leather armour (worn)
 b - a +0 helmet (worn)
Scrolls
 d - a scroll of teleportation {unknown}
 e - a scroll of fear {unknown}


   Skills:
 + Level 2.2 Fighting
 - Level 1.7 Throwing
 - Level 2.6 Dodging
 * Level 3.1 Unarmed Combat


You had one spell level left.
You didn't know any spells.
Your spell library contained the following spells:

 Spells                   Type           Power      Damage    Failure   Level
 Magic Dart               Conj           0%         1d3       45%         1
 Blink                    Tloc           N/A        N/A       61%         2
 Call Imp                 Summ           0%         N/A       61%         2
 Slow                     Hex            0%         N/A       61%         2
 Conjure Flame            Conj/Fire      0%         6-21      83%         3
 Mephitic Cloud           Conj/Pois/Air  0%         N/A       83%         3


Dungeon Overview and Level Annotations

Branches:
Dungeon (1/15)

Altars:


Innate Abilities, Weirdness & Mutations

A weak demonic guardian rushes to your aid.


Message History

The hobgoblin closely misses you.
You hit the hobgoblin but do no damage.
The hobgoblin is almost dead.
The hobgoblin hits you.
You hit the hobgoblin.
You kill the hobgoblin!
No target in view!
No target in view!
No target in view!
Found a stone staircase leading down.
There is a stone staircase leading down here.
A bat comes into view.
Found a scroll labelled CYNUZE ZIAME.
The bat hits you but does no damage.
You barely miss the bat.
The bat closely misses you. x2; The bat hits you.
You barely miss the bat. The bat closely misses you.
The bat hits you but does no damage.
You see here a scroll labelled CYNUZE ZIAME.
The bat closely misses you. The bat hits you but does no damage.
The bat barely misses you. x2
You completely miss the bat. The bat barely misses you.
The bat hits you but does no damage. x2
You closely miss the bat. The bat closely misses you.
The bat closely misses you.
You closely miss the bat. The bat hits you. The bat closely misses you.
The bat hits you but does no damage.
You closely miss the bat. The bat misses you.
The bat hits you but does no damage. The bat barely misses you.
You hit the bat.
You kill the bat!
You have reached level 2!
Your demonic ancestry asserts itself...
You feel the presence of a demonic guardian.
Unknown command.
e - a scroll labelled CYNUZE ZIAME
There is a stone staircase leading down here.
There is a staircase leading out of the dungeon here.
Are you sure you want to leave the Dungeon?
This will make you lose the game!
You have escaped!

..#.#§§.#.#.###.≈≈§≈.#########.#.
#.....≈.#.#.#...≈.........# #.#.
..#.##≈.#.#.#.≈§≈.######### #.#.
#. #≈.#.#...≈...........# #.## #
#≈§§.#.≈≈≈.≈§§≈≈.###.# #.#
#≈§§.#.≈.§§≈...§...#.# #.##
##.≈.#.§.≈≈≈§≈.≈§≈.### #...
#.≈...≈..§..≈...≈.§.# ##
#.≈≈≈§≈§≈.@.≈≈≈.≈§≈.#
#..§≈§..§.....≈...≈.#
###§§≈≈.≈.≈≈≈.≈.#.≈.##
#...≈...§(..≈.#.≈≈≈#
###.≈§≈≈§.≈≈≈.#...≈#
...........≈...#.#.≈#
########.§≈≈.#.#.#.≈# ###
..§...#.#.#.≈# #>. ≈ §.###.#.#.§#
#.#


There were no monsters in sight!

Vanquished Creatures
  A bat (D:1)
  A giant cockroach (D:1)
  3 hobgoblins (D:1)
  A quokka (D:1)
  A frilled lizard (D:1)
7 creatures vanquished.

Notes
Turn   | Place    | Note
-------+----------+-------------------------------------------
     0 | D:1      | Alarkh the Demonspawn Gladiator began the quest for the
                  | Orb.
     0 | D:1      | Reached XP level 1. HP: 16/16 MP: 1/1
   244 | D:1      | Reached skill level 3 in Unarmed Combat
   350 | D:1      | Gained mutation: A weak demonic guardian rushes to your
                  | aid. [demonic ancestry]
   350 | D:1      | Reached XP level 2. HP: 18/22 MP: 2/2
   401 | D:$      | Got out of the dungeon alive.

Illustrated notes

Levels and vault maps discovered:
D:1:      psy_arrival_radial02, layout_loops_ring,
          ebering_ecumenical_altar_abandoned, kennysheep_minor_cross

Skill      XL: |  1 |
---------------+----+-----
Unarmed Combat | 3 |  3.1
Fighting       | |  2.2
Throwing       | |  1.7
Dodging        | |  2.6

Action                   || total
-------------------------++-------
Melee: Unarmed           ||    44
Armor: Leather armour    ||    19
Dodge: Dodged            ||    30

Table legend: (Time is in decaauts)
 A = Elapsed time spent in this place.
 B = Non-inter-level travel time spent in this place.
 C = Inter-level travel time spent in this place.
 D = Time resting spent in this place.
 E = Time spent auto-exploring this place.
 F = Levels seen in this place.
 G = Mean time per level.
                   A        B        C        D        E       F      G
               +--------+--------+--------+--------+--------+-----+--------+
         Total |    399 |    349 |     50 |      0 |    272 |   1 |  399.0 |
       Dungeon |    399 |    349 |     50 |      0 |    272 |   1 |  399.0 |
               +--------+--------+--------+--------+--------+-----+--------+

Top non-repeatable levels by time:
     D:1: 399 daAuts
